Map: Mothership LE

Players

lenota - Winner!

  • Race: Terran Terran
  • League: Gold
  • Spawn Location: 1:00

Sindyr

  • Race: Zerg Zerg
  • League: Gold
  • Spawn Location: 6:00

VOD

Have the link to the VOD?

Description

Time

  • Played on: Jan. 12, 2026, 11:26 a.m.
  • Length: 8:57
Show
View Real Time Build Order
Export as new Build Order

lenota Terran - Winner!

Build Orders: 2 Factory 

Get SALT Encoding   

  12  0:01  SCV  
  13  0:17  SCV  
  13  0:18  Supply Depot  
  14  0:29  SCV  
  15  0:41  Barracks  
  15  0:43  SCV  
  16  0:55  SCV  
  17  1:07  SCV  
  18  1:16  Command Center  
  18  1:19  SCV  
  19  1:29  Marine  
  20  1:34  Barracks  
  20  1:38  Refinery  
  20  1:47  Marine, SCV  
  22  1:55  Supply Depot  
  22  1:59  SCV  
  23  2:12  Orbital Command  
  23  2:16  Marine  
  23  2:22  Marine  
  25  2:24  Refinery  
  25  2:30  SCV  
  26  2:43  Marine x2  
  28  2:46  SCV  
  29  2:52  Factory  
  29  2:58  SCV x2  
  31  3:01  Barracks Reactor  
  31  3:03  Marine  
  32  3:10  SCV  
  33  3:17  SCV  
  34  3:23  Marine  
  34  3:25  Factory  
  35  3:28  Engineering Bay  
  35  3:29  SCV  
  35  3:30  SCV  
  37  3:36  Supply Depot  
  37  3:48  Barracks Tech Lab  
  37  3:51  Hellion x2  
  37  3:52  Marine  
  37  3:54  SCV  
  43  4:03  SCV  
  43  4:06  SCV  
  43  4:08  Terran Infantry Weapons Level 1  
  45  4:10  Marine  
  45  4:11  Marine  
  45  4:14  Stimpack  
  47  4:18  Factory Tech Lab  
  47  4:26  Starport  
  47  4:27  Hellion  
  47  4:30  Hellion  
  51  4:38  Armory  
  51  4:41  Hellion  
  51  4:45  Marine  
  54  4:49  Refinery  
  54  4:53  Marine  
  54  4:55  Supply Depot  
  54  4:57  Infernal Pre-Igniter  
  54  4:59  SCV  
  56  5:03  SCV  
  56  5:06  Refinery  
  57  5:07  Hellion  
  57  5:09  Hellion  
  57  5:11  Starport Reactor  
  61  5:19  Supply Depot  
  61  5:21  Hellion  
  63  5:24  Marine  
  63  5:25  Marine  
  65  5:32  Supply Depot  
  65  5:34  Terran Vehicle Weapons Level 1  
  65  5:38  SCV  
  65  5:39  SCV  
  67  5:45  Siege Tank  
  67  5:48  Medivac  
  72  5:59  Marine  
  72  6:00  Marine  
  72  6:01  Combat Shield  
  74  6:06  Supply Depot  
  74  6:10  SCV  
  75  6:22  SCV  
  68  6:36  Marine x2  
  68  6:38  Siege Tank  
  69  6:42  Medivac  
  69  6:53  Medivac  
  71  6:54  Marine x2  
  71  6:55  SCV  
  74  7:02  Hellion  
  74  7:03  Hellion  
  74  7:04  SCV  
  74  7:07  SCV  
  80  7:11  Siege Tank  
  80  7:12  Marine x2  
  85  7:23  Medivac  
  87  7:30  Marine  
  88  7:46  Hellion  
  88  7:47  Hellion, Siege Tank  
  88  7:48  Marine x2  
  97  7:53  Command Center  
  97  8:05  Marine  
  97  8:06  Marine  
  97  8:23  Marine  
  97  8:24  Marine  
Show
View Real Time Build Order
Export as new Build Order

Sindyr Zerg 

Build Orders: Hatch First 

Get SALT Encoding   

  12  0:02  Drone  
  13  0:14  Drone  
  13  0:18  Extractor, Drone  
  14  0:23  Extractor, Drone  
  14  0:28  Overlord  
  16  0:46  Drone  
  17  0:55  Drone  
  18  0:57  Hatchery  
  17  1:06  Drone  
  17  1:08  Extractor  
  17  1:15  Spawning Pool  
  16  1:37  Drone x3  
  19  1:53  Overlord  
  19  2:02  Queen  
  21  2:08  Queen  
  21  2:12  Drone x3  
  26  2:18  Metabolic Boost  
  26  2:21  Zergling x2  
  27  2:23  Zergling x2  
  28  2:31  Drone  
  29  2:48  Queen  
  29  2:49  Lair  
  31  3:11  Spore Crawler  
  30  3:13  Spore Crawler, Drone  
  30  3:15  Drone  
  30  3:18  Drone  
  32  3:39  Drone x2  
  32  3:40  Drone, Spine Crawler  
  34  3:41  Hatchery  
  34  3:42  Spine Crawler  
  34  3:45  Overlord  
  32  4:06  Spore Crawler  
  32  4:09  Spore Crawler x2  
  29  4:12  Drone x3  
  29  4:16  Drone, Spine Crawler  
  32  4:18  Drone  
  32  4:22  Drone  
  34  4:46  Drone x5  
  34  4:47  Drone x2  
  41  4:55  Evolution Chamber  
  41  4:56  Evolution Chamber  
  39  5:02  Infestation Pit  
  39  5:05  Extractor  
  39  5:06  Drone x4  
  39  5:07  Extractor  
  40  5:08  Drone  
  40  5:10  Drone  
  42  5:18  Queen  
  44  5:30  Zerg Missile Weapons Level 1, Zerg Ground Armor Level 1  
  44  5:38  Roach Warren  
  43  5:43  Drone x5  
  43  5:46  Extractor  
  43  5:48  Drone x2  
  43  5:49  Drone  
  50  5:52  Overlord  
  50  5:56  Overlord  
  50  6:19  Glial Reconstitution, Hive  
  47  6:27  Roach x2  
  47  6:28  Roach  
  47  6:32  Roach  
  42  6:36  Roach  
  42  6:40  Roach  
  42  6:44  Roach  
  44  6:50  Drone x4  
  44  6:53  Drone x5  
  53  6:55  Drone  
  54  7:06  Drone  
  55  7:38  Queen  
  57  7:54  Drone x8  
  62  8:09  Roach  
  62  8:10  Roach x3  
  65  8:12  Overlord  
  65  8:13  Overlord  
  62  8:22  Roach x3  
  62  8:24  Roach  
  55  8:27  Roach  
Tags
 
Add a new tag
Caveats
  • Supply blocks, unpowered buildings, or Contaminate may cause inaccurate times.
  • Supply counts are checked every 10 seconds.